Map: Overgrown Facility

Players

IllIlllIIIlI

  • Race: Terran Terran
  • League: Master
  • Spawn Location: 7:00

BruceYi

  • Race: Protoss Protoss
  • Spawn Location: 9:00

youthCrisis - Winner!

  • Race: Zerg Zerg
  • League: Diamond
  • Spawn Location: 3:00

PureLegacy - Winner!

  • Race: Terran Terran
  • Spawn Location: 1:00

VOD

Have the link to the VOD?

Description

Time

  • Played on: Nov. 26, 2018, 9:55 p.m.
  • Length: 6:38
Show
View Real Time Build Order
Export as new Build Order

IllIlllIIIlI Terran 

Build Orders:  

Get SALT Encoding   

  12  0:18  SCV  
  13  0:41  SCV  
  14  0:46  Supply Depot  
  14  1:03  SCV  
  15  1:15  SCV  
  16  1:30  SCV  
  17  1:48  SCV  
Show
View Real Time Build Order
Export as new Build Order

BruceYi Protoss 

Build Orders:  

Get SALT Encoding   

  12  0:01  Probe  
  13  0:10  Probe  
  13  0:13  Pylon  
  14  0:16  Assimilator  
  14  0:18  Probe  
  14  0:26  Assimilator  
  15  0:29  Probe  
  15  0:32  Gateway  
  16  0:41  Probe  
  17  0:53  Probe  
  17  0:56  Gateway  
  18  0:58  Pylon  
  18  1:00  Pylon  
  18  1:05  Probe  
  19  1:12  Gateway  
  19  1:17  Probe  
  20  1:20  Cybernetics Core  
  20  1:29  Probe, Warp Gate  
  21  1:34  Zealot  
  21  1:38  Forge  
  23  1:41  Probe  
  23  1:45  Gateway  
  24  1:54  Probe  
  25  2:00  Robotics Facility  
  25  2:01  Stalker  
  25  2:05  Pylon  
  27  2:10  Gateway  
  27  2:20  Gateway  
  27  2:28  Stalker  
  28  2:40  Photon Cannon, Stalker x3  
  28  2:43  Photon Cannon  
  34  2:47  Observer  
  35  3:11  Immortal  
  39  3:29  Pylon  
  39  3:30  Pylon  
  39  3:32  Pylon  
  39  3:34  Protoss Ground Weapons Level 1  
  39  3:35  Pylon  
  39  3:54  Pylon  
  39  3:56  Stalker x2  
  39  3:57  Stalker  
  43  4:07  Photon Cannon  
  43  4:16  Stalker  
  45  4:25  Stalker  
  45  4:28  Sentry  
  49  4:45  Photon Cannon  
  44  5:09  Stalker x3  
  44  5:12  Sentry  
  38  5:43  Stalker x2  
  38  5:44  Stalker  
  40  5:52  Immortal  
Show
View Real Time Build Order
Export as new Build Order

youthCrisis Zerg - Winner!

Build Orders: Pool First 

Get SALT Encoding   

  12  0:05  Drone  
  13  0:25  Spawning Pool  
  13  0:28  Drone  
  13  0:40  Drone  
  13  0:41  Extractor  
  13  0:45  Overlord  
  13  0:56  Drone  
  14  1:08  Drone  
  15  1:11  Queen  
  15  1:14  Overlord  
  17  1:22  Zergling x2  
  18  1:27  Zergling x2  
  19  1:39  Zergling x2  
  20  1:40  Metabolic Boost  
  20  1:45  Zergling x2  
  21  1:56  Zergling x2  
  22  2:06  Zergling x2  
  23  2:19  Zergling x4  
  23  2:20  Zergling x4  
  28  2:30  Zergling x2  
  28  2:42  Zergling x2  
  29  2:47  Spine Crawler  
  23  3:27  Zergling x4  
  23  3:28  Zergling x2  
  26  3:43  Hatchery  
  25  3:54  Zergling x4  
  25  3:59  Zergling x4  
  25  4:00  Zergling x2  
  28  4:10  Lair  
  28  4:15  Spine Crawler  
  27  4:20  Drone  
  27  4:21  Spine Crawler  
  27  4:24  Drone  
  28  4:45  Zergling x2  
  28  4:46  Zergling x2  
  28  5:10  Zergling x4  
  28  5:11  Zergling x2  
  27  5:15  Zergling x2  
  27  5:25  Zergling x2  
  27  5:26  Zergling x2  
  27  5:27  Zergling x2  
  27  5:36  Zergling x2  
  20  5:50  Zergling x2  
  20  5:59  Zergling x2  
  20  6:00  Drone x2  
  20  6:01  Drone  
Show
View Real Time Build Order
Export as new Build Order

PureLegacy Terran - Winner!

Build Orders:  

Get SALT Encoding   

  12  0:13  SCV  
  13  0:23  Supply Depot  
  13  0:25  SCV  
  14  0:30  Refinery  
  14  0:38  SCV  
  15  0:50  Barracks, SCV  
  16  1:02  SCV  
  17  1:09  Barracks  
  17  1:24  Barracks  
  17  1:30  SCV  
  18  1:37  Reaper  
  19  1:47  Orbital Command  
  19  1:58  Reaper  
  19  2:00  Refinery  
  20  2:11  Supply Depot  
  20  2:12  Reaper  
  20  2:15  Reaper  
  22  2:30  Reaper  
  22  2:32  SCV  
  24  2:39  Supply Depot  
  24  2:44  Reaper  
  24  2:49  Reaper  
  26  2:51  SCV  
  27  3:04  Reaper  
  28  3:05  Barracks  
  28  3:07  Bunker  
  28  3:18  Barracks, Reaper  
  28  3:24  Reaper  
  28  3:26  SCV  
  29  3:36  Reaper  
  29  3:38  SCV  
  31  3:42  Supply Depot  
  31  3:50  Reaper, SCV  
  31  3:54  Reaper  
  34  4:04  Reaper  
  34  4:08  Reaper  
  34  4:09  Reaper  
  37  4:24  Command Center  
  38  4:53  Barracks Tech Lab  
  38  4:54  Marine x4  
  38  4:59  Factory  
  38  5:02  Bunker  
  38  5:03  Bunker  
  38  5:12  Marine x3  
  41  5:15  Marine  
  42  5:31  SCV  
  43  5:37  Marine x5  
  48  5:46  Orbital Command  
  45  5:59  Factory Reactor, Starport  
  45  6:01  SCV  
  46  6:08  Marine  
  46  6:09  Marine x3  
  50  6:12  SCV  
  51  6:22  SCV  
  51  6:24  SCV  
  55  6:28  Supply Depot  
Tags
 
Add a new tag
Caveats
  • Supply blocks, unpowered buildings, or Contaminate may cause inaccurate times.
  • Supply counts are checked every 10 seconds.